3185 views
Uploaded 2020-02-01 17:45:26
Game version 1.32 / 1.32.1
34:37 long 3on3 ladder game on (6)UpperKingdom
Saved by BEARAND
3185 views
Uploaded 2020-02-01 17:45:26
Game version 1.32 / 1.32.1
34:37 long 3on3 ladder game on (6)UpperKingdom


220 units @ 35.6k
/ 5.5k
60 buildings @ 10.8k
/ 5.2k

| Wisp | 30 | 1800 | / | 0 |
| Archer | 8 | 1040 | / | 80 |
| Huntress | 6 | 1170 | / | 120 |
| Hippogryph | 17 | 2720 | / | 340 |
| Chimaera | 16 | 5280 | / | 1120 |
| total: | 77 | 12010g | / | 1660w |
| Ancient Protector | 1 | 135 | / | 80 |
| Ancient of War | 1 | 150 | / | 60 |
| Moon Well | 7 | 1260 | / | 280 |
| Altar of Elders | 1 | 180 | / | 50 |
| Hunter's Hall | 1 | 210 | / | 100 |
| Tree of Life | 3 | 1020 | / | 555 |
| Ancient of Wind | 1 | 150 | / | 140 |
| Chimaera Roost | 2 | 280 | / | 380 |
| Tree of Ages | 1 | 320 | / | 180 |
| Tree of Eternity | 1 | 330 | / | 200 |
| total: | 17 | 3385g | / | 1645w |
| 0:13 | Wisp |
| 0:13 | Wisp |
| 0:23 | Ancient of War |
| 0:31 | Wisp |
| 0:36 | Moon Well |
| 0:47 | Wisp |
| 0:59 | Altar of Elders |
| 1:03 | Wisp |
| 1:11 | Wisp |
| 1:21 | Wisp |
| 1:28 | Archer |
| 1:31 | Wisp |
| 1:38 | Wisp |
| 1:40 | Archer |
| 1:45 | Wisp |
| 2:15 | Moon Well |
| 2:21 | Moon Well |
| 2:48 | Archer |
| 3:26 | Archer |
| 3:31 | Wisp |
| 3:31 | Wisp |
| 3:41 | Archer |
| 3:46 | Hunter's Hall |
| 3:48 | Wisp |
| 3:53 | Archer |
| 4:16 | Immolation |
| 4:33 | Wisp |
| 4:33 | Wisp |
| 4:33 | Wisp |
| 4:36 | Archer |
| 4:37 | Archer |
| 5:15 | Moon Well |
| 5:20 | Huntress |
| 5:33 | Strength of the Wild |
| 6:00 | Evasion |
| 6:15 | Moon Well |
| 6:16 | Huntress |
| 6:34 | Tree of Ages |
| 6:56 | Huntress |
| 7:27 | Tree of Life |
| 7:45 | Evasion |
| 7:59 | Moon Well |
| 9:22 | Huntress |
| 9:22 | Huntress |
| 9:32 | Ancient of Wind |
| 9:34 | Tree of Eternity |
| 9:47 | Huntress |
| 10:13 | Moon Well |
| 12:05 | Immolation |
| 12:35 | Chimaera Roost |
| 12:37 | Chimaera Roost |
| 12:41 | Wisp |
| 12:41 | Wisp |
| 12:59 | Hippogryph |
| 12:59 | Hippogryph |
| 12:59 | Hippogryph |
| 12:59 | Hippogryph |
| 13:03 | Wisp |
| 13:03 | Wisp |
| 14:02 | Chimaera |
| 14:03 | Chimaera |
| 14:58 | Corrosive Breath |
| 15:02 | Reinforced Hides |
| 15:05 | Wisp |
| 15:05 | Wisp |
| 15:30 | Chimaera |
| 15:32 | Chimaera |
| 16:59 | Chimaera |
| 17:46 | Tree of Life |
| 18:47 | Ancient Protector |
| 19:39 | Improved Reinforced Hides |
| 19:40 | Improved Strength of the Wild |
| 19:43 | Hippogryph |
| 19:43 | Hippogryph |
| 20:20 | Wisp |
| 20:20 | Wisp |
| 20:20 | Wisp |
| 20:20 | Wisp |
| 20:20 | Wisp |
| 20:41 | Chimaera |
| 22:45 | Chimaera |
| 22:45 | Chimaera |
| 22:51 | Advanced Strength of the Wild |
| 23:08 | Hippogryph |
| 23:42 | Hippogryph |
| 23:47 | Chimaera |
| 23:49 | Advanced Reinforced Hides |
| 24:55 | Chimaera |
| 26:20 | Chimaera |
| 26:22 | Hippogryph |
| 26:22 | Hippogryph |
| 26:24 | Strength of the Moon |
| 28:11 | Hippogryph |
| 28:11 | Hippogryph |
| 28:42 | Tree of Life |
| 30:00 | Hippogryph |
| 30:00 | Hippogryph |
| 30:00 | Hippogryph |
| 30:00 | Hippogryph |
| 30:00 | Hippogryph |
| 30:12 | Chimaera |
| 30:48 | Chimaera |
| 30:50 | Chimaera |
| 31:04 | Wisp |
| 31:04 | Wisp |
| 31:04 | Wisp |
| 33:13 | Chimaera |
| 33:13 | Chimaera |
| Right click | 1535 |
| Select | 453 |
| Build/train/purchase | 94 |
| Minimap ping | 30 |
| Use ability | 11 |
| Remove unit | 4 |

| Wisp | 41 | 2460 | / | 0 |
| Archer | 17 | 2210 | / | 170 |
| Huntress | 3 | 585 | / | 60 |
| Chimaera | 20 | 6600 | / | 1400 |
| total: | 81 | 11855g | / | 1630w |
| Ancient Protector | 4 | 540 | / | 320 |
| Altar of Elders | 2 | 360 | / | 100 |
| Moon Well | 8 | 1440 | / | 320 |
| Ancient of War | 2 | 300 | / | 120 |
| Hunter's Hall | 1 | 210 | / | 100 |
| Tree of Life | 3 | 1020 | / | 555 |
| Chimaera Roost | 3 | 420 | / | 570 |
| Tree of Ages | 1 | 320 | / | 180 |
| Tree of Eternity | 1 | 330 | / | 200 |
| total: | 23 | 4290g | / | 2085w |
| 0:05 | Altar of Elders |
| 0:07 | Moon Well |
| 0:07 | Wisp |
| 0:08 | Wisp |
| 0:35 | Altar of Elders |
| 0:55 | Wisp |
| 1:17 | Wisp |
| 1:36 | Ancient of War |
| 1:46 | Wisp |
| 1:46 | Wisp |
| 2:01 | Moon Well |
| 2:13 | Immolation |
| 2:22 | Wisp |
| 2:25 | Moon Well |
| 3:11 | Archer |
| 3:39 | Wisp |
| 3:39 | Wisp |
| 3:39 | Wisp |
| 3:58 | Archer |
| 4:00 | Wisp |
| 4:27 | Archer |
| 4:53 | Archer |
| 4:57 | Wisp |
| 5:23 | Hunter's Hall |
| 5:26 | Archer |
| 5:42 | Mana Burn |
| 6:00 | Tree of Ages |
| 6:04 | Archer |
| 6:29 | Archer |
| 6:40 | Ancient Protector |
| 7:59 | Archer |
| 8:12 | Ancient of War |
| 8:27 | Improved Bows |
| 8:31 | Moon Well |
| 8:48 | Tree of Life |
| 8:56 | Wisp |
| 8:56 | Wisp |
| 8:57 | Wisp |
| 9:05 | Archer |
| 9:21 | Archer |
| 9:52 | Archer |
| 9:55 | Strength of the Wild |
| 9:59 | Wisp |
| 10:02 | Moon Well |
| 10:15 | Archer |
| 10:17 | Archer |
| 10:25 | Moon Well |
| 10:42 | Archer |
| 11:14 | Archer |
| 11:31 | Huntress |
| 11:41 | Huntress |
| 11:52 | Huntress |
| 11:58 | Wisp |
| 11:58 | Wisp |
| 11:58 | Wisp |
| 12:24 | Tree of Eternity |
| 12:36 | Wisp |
| 12:37 | Wisp |
| 12:48 | Moon Glaive |
| 13:29 | Archer |
| 13:33 | Reinforced Hides |
| 13:54 | Archer |
| 14:14 | Ancient Protector |
| 14:29 | Improved Strength of the Wild |
| 14:41 | Wisp |
| 14:41 | Wisp |
| 14:41 | Wisp |
| 15:22 | Wisp |
| 15:22 | Wisp |
| 15:26 | Chimaera Roost |
| 15:47 | Wisp |
| 15:47 | Wisp |
| 15:56 | Moon Well |
| 16:17 | Chimaera Roost |
| 16:21 | Wisp |
| 16:36 | Immolation |
| 16:42 | Wisp |
| 16:51 | Ancient Protector |
| 17:11 | Corrosive Breath |
| 17:39 | Wisp |
| 17:39 | Wisp |
| 17:39 | Wisp |
| 17:50 | Wisp |
| 17:50 | Wisp |
| 17:51 | Wisp |
| 17:51 | Wisp |
| 18:00 | Wisp |
| 18:03 | Chimaera |
| 18:05 | Chimaera |
| 18:51 | Chimaera Roost |
| 19:18 | Chimaera |
| 19:36 | Wisp |
| 19:37 | Wisp |
| 19:37 | Wisp |
| 19:44 | Chimaera |
| 20:18 | Tree of Life |
| 20:23 | Chimaera |
| 20:46 | Chimaera |
| 20:52 | Moon Well |
| 21:36 | Chimaera |
| 21:38 | Chimaera |
| 21:42 | Advanced Strength of the Wild |
| 22:28 | Chimaera |
| 22:40 | Ancient Protector |
| 22:45 | Chimaera |
| 23:24 | Improved Reinforced Hides |
| 24:45 | Chimaera |
| 25:24 | Chimaera |
| 25:54 | Chimaera |
| 27:07 | Chimaera |
| 27:23 | Chimaera |
| 28:07 | Tree of Life |
| 29:42 | Chimaera |
| 30:41 | Chimaera |
| 32:03 | Chimaera |
| 33:38 | Chimaera |
| 34:15 | Chimaera |
| 34:17 | Advanced Reinforced Hides |
| Select group | 892 |
| Select | 824 |
| Right click | 784 |
| Misc. action | 397 |
| Build/train/purchase | 102 |
| Assign group | 25 |
| Use ability | 14 |
| Minimap ping | 5 |
| Remove unit | 3 |


| Potion of Mana | 1 | 200 |
| Potion of Healing | 1 | 150 |
| Orb of Corruption | 1 | 375 |
| total: | 3 | 725g |
| Acolyte | 18 | 1350 | / | 0 |
| Ghoul | 9 | 1080 | / | 0 |
| Crypt Fiend | 20 | 4300 | / | 800 |
| Meat Wagon | 5 | 1150 | / | 250 |
| Frost Wyrm | 10 | 3850 | / | 1200 |
| total: | 62 | 11730g | / | 2250w |
| Nerubian Tower | 1 | 100 | / | 20 |
| Spirit Tower | 4 | 580 | / | 160 |
| Altar of Darkness | 1 | 180 | / | 50 |
| Crypt | 2 | 400 | / | 100 |
| Ziggurat | 10 | 1500 | / | 500 |
| Graveyard | 1 | 215 | / | 0 |
| Tomb of Relics | 1 | 130 | / | 30 |
| Slaughterhouse | 1 | 140 | / | 135 |
| Temple of the Damned | 1 | 155 | / | 140 |
| Sacrificial Pit | 1 | 75 | / | 150 |
| Boneyard | 2 | 350 | / | 400 |
| Halls of the Dead | 1 | 320 | / | 210 |
| Black Citadel | 1 | 325 | / | 230 |
| total: | 20 | 3145g | / | 1505w |
| 0:03 | Altar of Darkness |
| 0:08 | Crypt |
| 0:11 | Ziggurat |
| 0:25 | Acolyte |
| 0:38 | Acolyte |
| 1:10 | Ghoul |
| 1:17 | Graveyard |
| 1:29 | Ghoul |
| 1:45 | Ziggurat |
| 1:58 | Ghoul |
| 2:10 | Death Coil |
| 2:22 | Ghoul |
| 2:23 | Ghoul |
| 2:59 | Crypt Fiend |
| 3:08 | Tomb of Relics |
| 3:18 | Crypt Fiend |
| 3:28 | Nerubian Tower |
| 3:43 | Creature Attack |
| 4:05 | Crypt Fiend |
| 4:22 | Ziggurat |
| 4:56 | Acolyte |
| 5:18 | Halls of the Dead |
| 5:20 | Creature Carapace |
| 5:34 | Unholy Aura |
| 6:23 | Ziggurat |
| 6:25 | Spirit Tower |
| 6:31 | Crypt Fiend |
| 6:46 | Crypt Fiend |
| 7:14 | Death Coil |
| 7:45 | Crypt Fiend |
| 7:46 | Crypt Fiend |
| 7:55 | Acolyte |
| 7:55 | Acolyte |
| 7:56 | Acolyte |
| 7:56 | Acolyte |
| 8:14 | Crypt Fiend |
| 8:45 | Unholy Aura |
| 9:30 | Web |
| 9:32 | Improved Creature Carapace |
| 9:44 | Ziggurat |
| 9:47 | Ziggurat |
| 10:01 | Acolyte |
| 10:01 | Acolyte |
| 10:01 | Acolyte |
| 10:01 | Acolyte |
| 10:02 | Acolyte |
| 11:04 | Crypt Fiend |
| 11:04 | Crypt Fiend |
| 11:08 | Improved Creature Attack |
| 11:15 | Potion of Mana |
| 11:18 | Potion of Healing |
| 11:27 | Ghoul |
| 11:29 | Crypt Fiend |
| 11:29 | Crypt Fiend |
| 11:40 | Black Citadel |
| 12:25 | Death Coil |
| 13:14 | Crypt Fiend |
| 13:14 | Crypt Fiend |
| 13:15 | Crypt Fiend |
| 13:15 | Crypt Fiend |
| 13:15 | Crypt Fiend |
| 13:58 | Ziggurat |
| 14:09 | Crypt |
| 14:55 | Slaughterhouse |
| 15:00 | Temple of the Damned |
| 15:10 | Ghoul |
| 15:11 | Ghoul |
| 15:11 | Ghoul |
| 15:35 | Ziggurat |
| 15:40 | Ziggurat |
| 15:41 | Ziggurat |
| 16:40 | Spirit Tower |
| 16:43 | Spirit Tower |
| 16:44 | Spirit Tower |
| 16:47 | Crypt Fiend |
| 16:47 | Crypt Fiend |
| 16:47 | Crypt Fiend |
| 16:56 | Meat Wagon |
| 17:02 | Acolyte |
| 17:03 | Acolyte |
| 17:03 | Acolyte |
| 17:03 | Acolyte |
| 17:04 | Acolyte |
| 18:27 | Frost Nova |
| 18:31 | Orb of Corruption |
| 18:42 | Sacrificial Pit |
| 18:46 | Advanced Creature Attack |
| 20:18 | Meat Wagon |
| 20:21 | Meat Wagon |
| 20:41 | Advanced Creature Carapace |
| 21:46 | Boneyard |
| 23:10 | Freezing Breath |
| 23:15 | Frost Wyrm |
| 23:15 | Frost Wyrm |
| 23:16 | Frost Wyrm |
| 23:59 | Boneyard |
| 25:40 | Acolyte |
| 25:51 | Frost Wyrm |
| 25:52 | Frost Wyrm |
| 26:07 | Frost Wyrm |
| 26:07 | Frost Wyrm |
| 26:07 | Frost Wyrm |
| 26:08 | Frost Wyrm |
| 26:08 | Frost Wyrm |
| 26:39 | Meat Wagon |
| 26:41 | Meat Wagon |
| 28:38 | Frost Armor |
| Right click | 1060 |
| Select | 453 |
| Build/train/purchase | 93 |
| Use ability | 33 |
| Minimap ping | 10 |
| Misc. action | 5 |
| Item give/drop | 3 |
| Remove unit | 2 |
74 units @ 7.6k
/ 0.4k
205 buildings @ 12.9k
/ 6.4k
BEARAND
(34:34) : 


| Potion of Healing | 2 | 300 |
| Scroll of Regeneration | 1 | 100 |
| Staff of Sanctuary | 3 | 750 |
| Orb of Corruption | 3 | 1125 |
| total: | 9 | 2275g |
| Peasant | 19 | 1425 | / | 0 |
| Priest | 1 | 135 | / | 10 |
| Dragonhawk Rider | 7 | 1400 | / | 210 |
| total: | 27 | 2960g | / | 220w |
| Scout Tower | 55 | 1650 | / | 1100 |
| Arcane Tower | 2 | 140 | / | 100 |
| Guard Tower | 34 | 2380 | / | 1700 |
| Altar of Kings | 1 | 180 | / | 50 |
| Farm | 14 | 1120 | / | 280 |
| Lumber Mill | 1 | 120 | / | 0 |
| Town Hall | 3 | 1155 | / | 615 |
| Arcane Vault | 3 | 390 | / | 90 |
| Blacksmith | 1 | 140 | / | 60 |
| Barracks | 1 | 160 | / | 60 |
| Arcane Sanctum | 1 | 150 | / | 140 |
| Gryphon Aviary | 1 | 140 | / | 150 |
| Workshop | 1 | 140 | / | 140 |
| Keep | 1 | 320 | / | 210 |
| Castle | 1 | 360 | / | 210 |
| total: | 82 | 5345g | / | 2685w |
| 0:02 | Peasant |
| 0:02 | Peasant |
| 0:06 | Altar of Kings |
| 0:20 | Farm |
| 0:24 | Peasant |
| 0:33 | Farm |
| 0:38 | Peasant |
| 0:46 | Peasant |
| 0:50 | Peasant |
| 1:06 | Lumber Mill |
| 1:08 | Peasant |
| 1:28 | Scout Tower |
| 1:32 | Scout Tower |
| 1:35 | Peasant |
| 1:44 | Peasant |
| 1:52 | Scout Tower |
| 1:54 | Arcane Tower |
| 1:56 | Peasant |
| 1:56 | Peasant |
| 2:05 | Blizzard |
| 2:12 | Guard Tower |
| 2:35 | Guard Tower |
| 2:36 | Scout Tower |
| 2:37 | Scout Tower |
| 3:02 | Guard Tower |
| 3:03 | Scout Tower |
| 3:04 | Guard Tower |
| 3:16 | Scout Tower |
| 3:24 | Scout Tower |
| 3:43 | Peasant |
| 3:43 | Peasant |
| 3:43 | Peasant |
| 3:52 | Improved Masonry |
| 3:56 | Guard Tower |
| 3:56 | Guard Tower |
| 4:07 | Scout Tower |
| 4:08 | Scout Tower |
| 4:12 | Scout Tower |
| 4:47 | Brilliance Aura |
| 4:54 | Guard Tower |
| 4:54 | Guard Tower |
| 5:07 | Scout Tower |
| 5:35 | Farm |
| 5:35 | Farm |
| 5:35 | Keep |
| 5:59 | Scout Tower |
| 5:59 | Scout Tower |
| 6:01 | Scout Tower |
| 6:02 | Scout Tower |
| 6:20 | Town Hall |
| 6:29 | Scout Tower |
| 6:30 | Scout Tower |
| 6:30 | Scout Tower |
| 6:31 | Scout Tower |
| 6:59 | Guard Tower |
| 7:00 | Guard Tower |
| 7:15 | Blizzard |
| 7:24 | Guard Tower |
| 7:42 | Arcane Vault |
| 7:44 | Arcane Vault |
| 7:48 | Peasant |
| 7:48 | Peasant |
| 7:50 | Guard Tower |
| 8:32 | Guard Tower |
| 8:33 | Peasant |
| 8:45 | Scout Tower |
| 8:46 | Scout Tower |
| 8:48 | Peasant |
| 8:49 | Peasant |
| 8:52 | Scout Tower |
| 8:53 | Scout Tower |
| 8:53 | Scout Tower |
| 8:54 | Scout Tower |
| 8:54 | Scout Tower |
| 8:54 | Scout Tower |
| 8:56 | Storm Bolt |
| 9:20 | Castle |
| 9:22 | Improved Lumber Harvesting |
| 9:37 | Advanced Masonry |
| 9:41 | Guard Tower |
| 10:32 | Scout Tower |
| 10:33 | Scout Tower |
| 10:33 | Scout Tower |
| 10:41 | Arcane Sanctum |
| 10:47 | Guard Tower |
| 10:47 | Guard Tower |
| 10:51 | Potion of Healing |
| 10:54 | Guard Tower |
| 10:56 | Arcane Tower |
| 11:17 | Arcane Vault |
| 11:23 | Scroll of Regeneration |
| 11:23 | Potion of Healing |
| 11:57 | Guard Tower |
| 12:13 | Magic Sentry |
| 12:13 | Priest |
| 12:56 | Bash |
| 12:58 | Holy Light |
| 13:12 | Staff of Sanctuary |
| 13:15 | Scout Tower |
| 13:16 | Scout Tower |
| 13:17 | Scout Tower |
| 13:17 | Scout Tower |
| 13:34 | Staff of Sanctuary |
| 13:36 | Brilliance Aura |
| 13:47 | Scout Tower |
| 13:48 | Scout Tower |
| 13:49 | Scout Tower |
| 13:49 | Scout Tower |
| 13:50 | Scout Tower |
| 13:50 | Scout Tower |
| 13:51 | Scout Tower |
| 13:51 | Scout Tower |
| 13:53 | Scout Tower |
| 13:54 | Scout Tower |
| 14:06 | Staff of Sanctuary |
| 14:20 | Gryphon Aviary |
| 14:21 | Blacksmith |
| 15:02 | Guard Tower |
| 15:15 | Guard Tower |
| 15:17 | Town Hall |
| 15:42 | Guard Tower |
| 15:47 | Scout Tower |
| 16:11 | Dragonhawk Rider |
| 16:14 | Barracks |
| 16:37 | Imbued Masonry |
| 16:37 | Advanced Lumber Harvesting |
| 16:48 | Dragonhawk Rider |
| 16:59 | Guard Tower |
| 17:11 | Dragonhawk Rider |
| 17:24 | Orb of Corruption |
| 17:32 | Animal War Training |
| 17:51 | Guard Tower |
| 18:22 | Studded Leather Armor |
| 18:28 | Guard Tower |
| 18:43 | Guard Tower |
| 18:44 | Guard Tower |
| 18:54 | Orb of Corruption |
| 19:08 | Scout Tower |
| 19:09 | Scout Tower |
| 19:10 | Scout Tower |
| 19:11 | Scout Tower |
| 19:13 | Scout Tower |
| 20:34 | Orb of Corruption |
| 20:46 | Iron Forged Swords |
| 20:46 | Reinforced Leather Armor |
| 20:47 | Priest Adept Training |
| 20:48 | Sorceress Adept Training |
| 21:31 | Guard Tower |
| 21:33 | Scout Tower |
| 21:34 | Scout Tower |
| 21:35 | Scout Tower |
| 21:36 | Scout Tower |
| 22:23 | Divine Shield |
| 22:43 | Storm Bolt |
| 22:47 | Dragonhawk Rider |
| 23:52 | Brilliance Aura |
| 24:08 | Guard Tower |
| 24:11 | Town Hall |
| 24:24 | Dragonhide Armor |
| 24:24 | Steel Forged Swords |
| 24:26 | Cloud |
| 24:27 | Storm Hammers |
| 27:00 | Holy Light |
| 27:09 | Bash |
| 29:14 | Dragonhawk Rider |
| 30:15 | Dragonhawk Rider |
| 30:30 | Farm |
| 30:31 | Farm |
| 30:31 | Farm |
| 30:32 | Farm |
| 30:32 | Farm |
| 30:33 | Farm |
| 30:33 | Farm |
| 30:34 | Farm |
| 30:35 | Farm |
| 30:35 | Farm |
| 30:36 | Mithril Forged Swords |
| 30:59 | Workshop |
| 33:08 | Dragonhawk Rider |
| 33:17 | Divine Shield |
| 34:05 | Mass Teleport |
| Right click | 3513 |
| Select group | 824 |
| Select | 773 |
| Build/train/purchase | 237 |
| Use ability | 156 |
| Chat | 104 |
| Assign group | 23 |
| Minimap ping | 10 |
| Misc. action | 9 |
| Resource trade | 4 |
| Item give/drop | 3 |



| Rod of Necromancy | 1 | 150 |
| Orb of Corruption | 3 | 1125 |
| Staff of Sanctuary | 3 | 750 |
| Scroll of Regeneration | 1 | 100 |
| total: | 8 | 2125g |
| Acolyte | 7 | 525 | / | 0 |
| Ghoul | 13 | 1560 | / | 0 |
| Obsidian Statue | 4 | 800 | / | 140 |
| total: | 24 | 2885g | / | 140w |
| Spirit Tower | 5 | 725 | / | 200 |
| Altar of Darkness | 1 | 180 | / | 50 |
| Ziggurat | 7 | 1050 | / | 350 |
| Crypt | 1 | 200 | / | 50 |
| Graveyard | 1 | 215 | / | 0 |
| Tomb of Relics | 4 | 520 | / | 120 |
| Slaughterhouse | 1 | 140 | / | 135 |
| Sacrificial Pit | 1 | 75 | / | 150 |
| Halls of the Dead | 1 | 320 | / | 210 |
| Black Citadel | 2 | 650 | / | 460 |
| total: | 16 | 2380g | / | 855w |
| 0:00 | Acolyte |
| 0:06 | Altar of Darkness |
| 0:08 | Ziggurat |
| 0:17 | Acolyte |
| 0:24 | Crypt |
| 1:26 | Ghoul |
| 1:28 | Ziggurat |
| 1:46 | Ghoul |
| 1:47 | Ghoul |
| 2:02 | Graveyard |
| 2:05 | Death Coil |
| 2:09 | Tomb of Relics |
| 2:11 | Tomb of Relics |
| 2:21 | Ghoul |
| 2:21 | Ghoul |
| 3:04 | Ghoul |
| 3:19 | Ghoul |
| 3:21 | Halls of the Dead |
| 3:41 | Ghoul |
| 4:46 | Ghoul |
| 5:04 | Ghoul |
| 5:26 | Rod of Necromancy |
| 6:05 | Ziggurat |
| 6:05 | Spirit Tower |
| 6:06 | Ziggurat |
| 6:11 | Unholy Aura |
| 7:12 | Death Coil |
| 7:25 | Ghoul |
| 7:26 | Ghoul |
| 7:31 | Black Citadel |
| 7:34 | Acolyte |
| 7:34 | Acolyte |
| 7:34 | Acolyte |
| 7:35 | Acolyte |
| 7:35 | Acolyte |
| 7:47 | Slaughterhouse |
| 8:37 | Ghoul |
| 8:53 | Black Citadel |
| 10:23 | Frost Nova |
| 10:57 | Unholy Aura |
| 13:39 | Silence |
| 13:41 | Tomb of Relics |
| 13:42 | Tomb of Relics |
| 13:57 | Orb of Corruption |
| 15:24 | Frost Armor |
| 15:45 | Cannibalize |
| 15:46 | Ghoul Frenzy |
| 16:29 | Orb of Corruption |
| 16:33 | Orb of Corruption |
| 16:53 | Staff of Sanctuary |
| 16:56 | Staff of Sanctuary |
| 17:01 | Staff of Sanctuary |
| 17:20 | Obsidian Statue |
| 17:21 | Obsidian Statue |
| 19:13 | Life Drain |
| 19:38 | Death Coil |
| 20:16 | Obsidian Statue |
| 20:22 | Scroll of Regeneration |
| 22:36 | Frost Nova |
| 22:48 | Ziggurat |
| 22:49 | Ziggurat |
| 22:51 | Ziggurat |
| 23:00 | Silence |
| 23:52 | Spirit Tower |
| 23:56 | Spirit Tower |
| 24:01 | Spirit Tower |
| 26:26 | Unholy Aura |
| 26:27 | Frost Armor |
| 27:06 | Life Drain |
| 29:06 | Destroyer Form |
| 29:15 | Sacrificial Pit |
| 30:10 | Obsidian Statue |
| 31:03 | Creature Attack |
| 31:09 | Web |
| 33:44 | Frost Nova |
| 34:06 | Silence |
| Right click | 1971 |
| Select | 1168 |
| Select group | 686 |
| Assign group | 194 |
| Use ability | 118 |
| Build/train/purchase | 81 |
| Resource trade | 57 |
| Chat | 27 |
| Minimap ping | 13 |
| Misc. action | 5 |
| Item give/drop | 2 |
| Remove unit | 1 |



| Scroll of Regeneration | 6 | 600 |
| Staff of Sanctuary | 3 | 750 |
| Orb of Fire | 5 | 1625 |
| Orb of Corruption | 2 | 750 |
| total: | 16 | 3725g |
| Peasant | 22 | 1650 | / | 0 |
| Priest | 1 | 135 | / | 10 |
| total: | 23 | 1785g | / | 10w |
| Scout Tower | 93 | 2790 | / | 1860 |
| Arcane Tower | 5 | 350 | / | 250 |
| Guard Tower | 53 | 3710 | / | 2650 |
| Altar of Kings | 1 | 180 | / | 50 |
| Lumber Mill | 1 | 120 | / | 0 |
| Farm | 5 | 400 | / | 100 |
| Arcane Vault | 3 | 390 | / | 90 |
| Town Hall | 3 | 1155 | / | 615 |
| Arcane Sanctum | 1 | 150 | / | 140 |
| Keep | 1 | 320 | / | 210 |
| Castle | 1 | 360 | / | 210 |
| total: | 107 | 5185g | / | 2855w |
| 0:02 | Peasant |
| 0:04 | Altar of Kings |
| 0:08 | Peasant |
| 0:18 | Peasant |
| 0:19 | Lumber Mill |
| 0:24 | Farm |
| 0:27 | Peasant |
| 0:39 | Peasant |
| 0:50 | Farm |
| 1:07 | Peasant |
| 1:16 | Scout Tower |
| 1:18 | Scout Tower |
| 1:23 | Scout Tower |
| 1:25 | Peasant |
| 1:40 | Peasant |
| 1:46 | Arcane Tower |
| 1:47 | Scout Tower |
| 1:56 | Scout Tower |
| 1:57 | Peasant |
| 2:01 | Peasant |
| 2:03 | Blizzard |
| 2:08 | Peasant |
| 2:10 | Arcane Tower |
| 2:19 | Arcane Tower |
| 2:28 | Scout Tower |
| 2:29 | Guard Tower |
| 2:31 | Peasant |
| 2:35 | Scout Tower |
| 2:56 | Peasant |
| 2:57 | Guard Tower |
| 2:59 | Scout Tower |
| 3:00 | Guard Tower |
| 3:03 | Scout Tower |
| 3:03 | Peasant |
| 3:06 | Scout Tower |
| 3:24 | Guard Tower |
| 3:25 | Scout Tower |
| 3:28 | Scout Tower |
| 3:28 | Guard Tower |
| 3:33 | Scout Tower |
| 3:46 | Guard Tower |
| 3:48 | Guard Tower |
| 3:50 | Scout Tower |
| 3:59 | Guard Tower |
| 4:01 | Scout Tower |
| 4:02 | Guard Tower |
| 4:05 | Scout Tower |
| 4:05 | Scout Tower |
| 4:28 | Brilliance Aura |
| 4:34 | Guard Tower |
| 4:35 | Scout Tower |
| 4:36 | Scout Tower |
| 4:55 | Scout Tower |
| 4:57 | Guard Tower |
| 5:04 | Guard Tower |
| 5:13 | Scout Tower |
| 5:34 | Blizzard |
| 5:35 | Keep |
| 5:41 | Guard Tower |
| 5:42 | Scout Tower |
| 5:43 | Scout Tower |
| 5:43 | Scout Tower |
| 5:45 | Guard Tower |
| 5:46 | Scout Tower |
| 5:47 | Scout Tower |
| 5:52 | Farm |
| 6:21 | Guard Tower |
| 6:22 | Scout Tower |
| 6:24 | Scout Tower |
| 6:41 | Guard Tower |
| 7:03 | Arcane Vault |
| 7:04 | Guard Tower |
| 7:17 | Arcane Vault |
| 7:19 | Scout Tower |
| 7:20 | Scout Tower |
| 7:22 | Scout Tower |
| 7:24 | Guard Tower |
| 7:26 | Scout Tower |
| 7:40 | Guard Tower |
| 7:54 | Scroll of Regeneration |
| 7:58 | Scout Tower |
| 8:01 | Scout Tower |
| 8:02 | Scout Tower |
| 8:11 | Improved Masonry |
| 8:19 | Guard Tower |
| 8:20 | Scout Tower |
| 9:07 | Scroll of Regeneration |
| 9:11 | Guard Tower |
| 9:15 | Guard Tower |
| 9:16 | Scout Tower |
| 9:16 | Scout Tower |
| 9:27 | Guard Tower |
| 9:28 | Scout Tower |
| 9:52 | Flame Strike |
| 9:57 | Guard Tower |
| 9:59 | Scout Tower |
| 9:59 | Scout Tower |
| 10:38 | Guard Tower |
| 10:40 | Scout Tower |
| 10:41 | Scout Tower |
| 10:48 | Brilliance Aura |
| 11:21 | Castle |
| 11:26 | Scroll of Regeneration |
| 11:46 | Guard Tower |
| 11:57 | Scout Tower |
| 11:57 | Scout Tower |
| 12:01 | Town Hall |
| 12:36 | Guard Tower |
| 12:38 | Scout Tower |
| 12:38 | Scout Tower |
| 12:40 | Guard Tower |
| 12:41 | Scout Tower |
| 12:54 | Guard Tower |
| 12:56 | Scout Tower |
| 12:57 | Scout Tower |
| 12:57 | Scout Tower |
| 13:12 | Scout Tower |
| 13:13 | Guard Tower |
| 13:30 | Siphon Mana |
| 13:47 | Guard Tower |
| 13:50 | Advanced Masonry |
| 13:51 | Improved Lumber Harvesting |
| 14:00 | Farm |
| 14:01 | Farm |
| 14:06 | Staff of Sanctuary |
| 14:13 | Arcane Vault |
| 14:20 | Staff of Sanctuary |
| 14:22 | Guard Tower |
| 14:39 | Rain of Fire |
| 14:47 | Guard Tower |
| 14:49 | Scout Tower |
| 14:49 | Scout Tower |
| 15:00 | Arcane Sanctum |
| 15:11 | Guard Tower |
| 15:14 | Scout Tower |
| 15:15 | Scout Tower |
| 15:15 | Scout Tower |
| 15:16 | Peasant |
| 15:17 | Peasant |
| 15:19 | Peasant |
| 15:19 | Peasant |
| 15:32 | Scout Tower |
| 15:33 | Scout Tower |
| 15:34 | Scout Tower |
| 15:45 | Guard Tower |
| 15:47 | Scout Tower |
| 16:12 | Guard Tower |
| 16:14 | Guard Tower |
| 16:15 | Scout Tower |
| 16:41 | Guard Tower |
| 16:42 | Scout Tower |
| 16:43 | Scout Tower |
| 16:45 | Scout Tower |
| 16:47 | Scout Tower |
| 16:48 | Scout Tower |
| 16:54 | Guard Tower |
| 16:58 | Scout Tower |
| 16:58 | Scout Tower |
| 17:00 | Scout Tower |
| 17:01 | Scout Tower |
| 17:01 | Scout Tower |
| 17:02 | Scout Tower |
| 17:04 | Guard Tower |
| 17:06 | Scout Tower |
| 17:07 | Scout Tower |
| 17:09 | Magic Sentry |
| 17:10 | Imbued Masonry |
| 17:10 | Advanced Lumber Harvesting |
| 17:12 | Peasant |
| 17:12 | Peasant |
| 17:45 | Cleaving Attack |
| 18:16 | Guard Tower |
| 18:19 | Scout Tower |
| 18:20 | Scout Tower |
| 18:20 | Scout Tower |
| 18:36 | Orb of Corruption |
| 18:43 | Staff of Sanctuary |
| 18:44 | Orb of Fire |
| 18:59 | Guard Tower |
| 19:03 | Guard Tower |
| 19:05 | Scout Tower |
| 19:23 | Priest Adept Training |
| 19:23 | Priest |
| 19:32 | Guard Tower |
| 19:33 | Scout Tower |
| 19:41 | Guard Tower |
| 19:43 | Scout Tower |
| 19:44 | Scout Tower |
| 19:45 | Scout Tower |
| 19:47 | Scout Tower |
| 19:50 | Scout Tower |
| 19:50 | Scout Tower |
| 19:56 | Guard Tower |
| 19:58 | Scout Tower |
| 19:58 | Scout Tower |
| 20:01 | Guard Tower |
| 20:05 | Scout Tower |
| 20:07 | Scout Tower |
| 20:48 | Flame Strike |
| 21:16 | Blizzard |
| 21:37 | Scroll of Regeneration |
| 21:40 | Orb of Fire |
| 21:48 | Orb of Fire |
| 21:49 | Scroll of Regeneration |
| 22:17 | Guard Tower |
| 22:29 | Peasant |
| 22:29 | Peasant |
| 22:47 | Scroll of Regeneration |
| 23:49 | Rain of Fire |
| 23:55 | Guard Tower |
| 23:58 | Scout Tower |
| 23:58 | Scout Tower |
| 23:59 | Scout Tower |
| 24:12 | Guard Tower |
| 25:43 | Town Hall |
| 26:45 | Orb of Fire |
| 27:30 | Guard Tower |
| 29:45 | Siphon Mana |
| 30:51 | Orb of Fire |
| 31:07 | Orb of Corruption |
| 31:21 | Sorceress Adept Training |
| 31:39 | Town Hall |
| 33:46 | Mass Teleport |
| Right click | 1849 |
| Select group | 1512 |
| Assign group | 453 |
| Select | 362 |
| Build/train/purchase | 166 |
| Use ability | 128 |
| Chat | 93 |
| Misc. action | 45 |
| Minimap ping | 6 |
| Resource trade | 5 |
| Item give/drop | 4 |
⇛